 Dungeon Crawl Stone Soup version 0.18.1-6-gd335043 (webtiles) character file.

822 epen the Agent of Entropy (level 7, -4/54 HPs)
             Began as a Demonspawn Abyssal Knight on May 19, 2016.
             Was a Priest of Lugonu.
             Killed by nerve-wracking pain
             ... invoked by a shadow imp
              (10 damage)
             ... on level 5 of the Dungeon.
             The game lasted 00:08:52 (5909 turns).

epen the Agent of Entropy (DsAK)                    Turns: 5909, Time: 00:08:55

Health: -4/54      AC:  6    Str: 14    XL:     7   Next: 63%
Magic:  12/12      EV: 11    Int: 14    God:    Lugonu [***...]
Gold:   171        SH:  0    Dex: 12    Spells: 0 memorised, 6 levels left

rFire  . . .     SeeInvis .     v - +0 short sword (vamp)
rCold  . . .     Gourm    .     y - +0 ring mail
rNeg   . . .     Faith    .     (no shield)
rPois  .         Spirit   .     (helmet restricted)
rElec  .         Dismiss  .     p - +0 cloak
rCorr  .         Reflect  .     (no gloves)
SustAt .         Harm     .     (no boots)
MR     .....                    m - amulet of regeneration
Stlth  ..........               (no ring)
                                (no ring)

@: about to teleport, not resistant to hostile enchantments, extremely
unstealthy
A: antennae 1, claws 1, hooves 1, rot immunity
a: Depart the Abyss, Bend Space, Banish, Renounce Religion


You were on level 5 of the Dungeon.
You worshipped Lugonu.
Lugonu was most pleased with you.
You were not hungry.

You visited 1 branch of the dungeon, and saw 6 of its levels.
You visited the Abyss 1 time.

You collected 171 gold pieces.

Inventory:

Hand Weapons
 a - a +2 falchion
 v - a +0 vampiric short sword (weapon)
Armour
 b - a +0 leather armour
 l - a +0 leather armour
 p - a +0 cloak (worn)
 t - a +1 leather armour of fire resistance
 y - a +0 ring mail (worn)
Jewellery
 m - an amulet of regeneration (around neck)
 n - an uncursed amulet of magic regeneration
Wands
 q - a wand of paralysis (7/24)
Scrolls
 f - a scroll of remove curse
 g - 3 scrolls of fear
 h - 3 scrolls of teleportation
 i - 3 scrolls of random uselessness
 j - a scroll of enchant weapon
 o - 3 scrolls of identify
 u - a scroll of recharging
Potions
 d - a potion of cure mutation {unknown}
 e - 3 potions of might {unknown}
 s - 3 potions of flight
 x - 2 potions of haste {unknown}
Books
 r - a book of the Earth

   Spells                             Type                      Level
   a - Leda's Liquefaction            Hexes/Earth                  4
   b - Bolt of Magma                  Conjuration/Fire/Earth       5
   c - Statue Form                    Transmutation/Earth          6
   d - Iron Shot                      Conjuration/Earth            6
   e - Shatter                        Earth                        9
Comestibles
 c - 5 bread rations
 w - a beef jerky


   Skills:
 + Level 4.3 Fighting
 * Level 4.4 Long Blades
 + Level 3.2 Armour
 + Level 2.9 Dodging
 * Level 6.7 Invocations


You had 6 spell levels left.
You didn't know any spells.

Dungeon Overview and Level Annotations

Branches:
Dungeon (6/15)             Temple (0/1) D:5

Altars:
Fedhas
Gozag
Kikubaaqudgha
Ru

Annotations:
D:5 Natasha
Abyss:1 Eustachio


Innate Abilities, Weirdness & Mutations

You have a pair of small antennae on your head.
You have sharp fingernails.
You have large cloven feet.
You are immune to rotting.


Message History

The centaur is severely wounded.
The centaur barely misses you.
The crimson imp blinks! x2
The shadow imp hits you.
* * * LOW HITPOINT WARNING * * *
The centaur barely misses you.
Unknown command.
Read which item? (? for menu, Esc to quit)
As you read the scroll of teleportation, it crumbles to dust.
You feel strangely unstable. The centaur closely misses you.
The crimson imp blinks!
The shadow imp hits you.
* * * LOW HITPOINT WARNING * * *
Unknown command.
You hit the centaur.
You feel better.
You kick the centaur, but do no damage.
The centaur is severely wounded.
The crimson imp disappears in a puff of smoke!
The centaur hits you!
* * * LOW HITPOINT WARNING * * *
The shadow imp gestures at you. Pain shoots through your body!
You die...

#..........# #.#
#.#################.## #.#
#.........<# #.# #.#######..#
#########.###### #.# #..#
#.............5# #.# #..#
#.#######.####h# #.# #..## #.#
#.# #5####.# #.... #.# #.#
#@c..5.# #.### #.# #.## ########
#.# ##.## #..# #.###
#...#######.## #.#.†
##.#..........############ #.#.#
...#...###..#............# #.#.#
.#####.####.).##########.# #.#.#
...#.................###.####.#.#
#..#..######.###.................


You could see a centaur, Natasha, a crimson imp, a white imp and a shadow imp.

Vanquished Creatures
  A giant frog (D:5)
  A howler monkey (D:5)
  A crimson imp (D:5)
  A hound (D:5)
  A giant frog skeleton (D:4)
  Natasha (D:3)
  2 orc wizards (D:4)
  2 worker ants
  A hound skeleton (D:5)
  7 adders
  An adder zombie (D:5)
  An adder skeleton (D:4)
  5 worms
  4 dart slugs (D:1)
  6 giant geckos
  12 orcs
  3 ball pythons (D:5)
  11 bats
  3 giant cockroaches
  9 hobgoblins
  6 jackals
  3 quokkas
  7 giant newts
  6 goblins
  8 kobolds
  A quokka skeleton (D:5)
  6 rats
110 creatures vanquished.

Vanquished Creatures (others)
  A sky beast (D:5)
  An ice beast (D:5)
  A centaur (D:5)
  A scorpion (D:4)
4 creatures vanquished.

Grand Total: 114 creatures vanquished

Notes
Turn   | Place    | Note
--------------------------------------------------------------
     0 | Abyss:1  | epen the Demonspawn Abyssal Knight began the quest for the Orb.
     0 | Abyss:1  | Reached XP level 1. HP: 18/18 MP: 2/2
    36 | Abyss:1  | Noticed a starcursed mass
    36 | Abyss:1  | Noticed a tentacled starspawn
    37 | D:1      | Escaped the Abyss
    88 | D:1      | Reached skill level 1 in Dodging
   124 | D:1      | Gained mutation: You are immune to rotting. [demonic ancestry]
   124 | D:1      | Reached XP level 2. HP: 22/24 MP: 4/4
   137 | D:1      | Reached skill level 3 in Invocations
   305 | D:1      | Reached * piety under Lugonu
   789 | D:1      | Reached XP level 3. HP: 15/29 MP: 5/5
  1554 | D:2      | Found an ancient bone altar of Kikubaaqudgha.
  1554 | D:2      | Found a blossoming altar of Fedhas.
  1619 | D:2      | Reached ** piety under Lugonu
  1966 | D:2      | Reached skill level 4 in Invocations
  2220 | D:2      | Gained mutation: You have a pair of small antennae on your head. [demonic ancestry]
  2220 | D:2      | Reached XP level 4. HP: 31/35 MP: 7/7
  2571 | D:3      | Noticed Natasha
  2583 | D:3      | Killed Natasha
  3438 | D:3      | Reached XP level 5. HP: 31/41 MP: 8/8
  4150 | D:4      | Reached *** piety under Lugonu
  4150 | D:4      | Reached skill level 5 in Invocations
  4495 | D:4      | Gained mutation: You have sharp fingernails. [demonic ancestry]
  4495 | D:4      | Reached XP level 6. HP: 47/48 MP: 8/10
  4803 | D:5      | Entered Level 5 of the Dungeon
  4832 | D:5      | Found a sacrificial altar of Ru.
  4839 | D:5      | Noticed Eustachio
  4859 | D:5      | Banished Eustachio
  5089 | D:5      | Found a staircase to the Ecumenical Temple.
  5293 | D:5      | Noticed an ice beast
  5334 | D:5      | Banished an ice beast
  5334 | D:5      | Reached skill level 6 in Invocations
  5334 | D:5      | Gained mutation: You have large cloven feet. [demonic ancestry]
  5334 | D:5      | Reached XP level 7. HP: 13/54 MP: 11/11
  5662 | D:6      | Noticed Natasha
  5663 | D:5      | Found an opulent altar of Gozag.
  5909 | D:5      | Killed from afar by a shadow imp

Skill      XL: |  1  2  3  4  5  6  7 |
---------------+----------------------+-----
Dodging        | 1 2 |  2.9
Armour         | 2 3 |  3.2
Invocations    | 3 4 5 6 |  6.7
Long Blades    | 2 3 4 |  4.4
Fighting       | 4 |  4.3

Action                   |  1- 3 |  4- 6 |  7- 9 || total
-------------------------+-------+-------+-------++-------
Melee: Falchion          |   132 |   154 |       ||   286
       Short sword       |       |   188 |   138 ||   326
       Kick              |       |       |    30 ||    30
Invok: Depart the Abyss  |     1 |       |       ||     1
       Banish            |       |     2 |     3 ||     5
  Use: Scroll            |       |     8 |     1 ||     9
       Potion            |       |     2 |       ||     2
 Stab: Sleeping          |       |     1 |       ||     1
  Eat: Chunk             |     4 |    11 |     3 ||    18
       Meat ration       |       |     1 |       ||     1
Armor: Leather armour    |    46 |   101 |     4 ||   151
       Ring mail         |       |       |    70 ||    70
Dodge: Dodged            |    89 |   218 |   123 ||   430
